 Dungeon Crawl Stone Soup version 0.29.0-13-gc9e81de378 (console) character file.

Game seed: 15362627167409232072

1636 jejorda2 the Cutter (level 8, -14/43 HPs)
             Began as a Vine Stalker Berserker on Sept 10, 2022.
             Was a Believer of Trog.
             Engulfed by a cloud of flame (24 damage)
             ... on level 5 of the Dungeon.
             The game lasted 00:14:08 (6003 turns).

jejorda2 the Cutter (Vine Stalker Berserker)        Turns: 6003, Time: 00:14:09

Health: -14/43     AC: 12    Str: 23    XL:     8   Next: 98%
Magic:  0/9        EV: 19    Int:  7    God:    Trog [**....]
Gold:   394        SH:  0    Dex: 13    Spells: 7/7 levels left

rFire   . . .      SeeInvis .   a - +3 dagger
rCold   . . .      Faith    .   (no shield)
rNeg    . . .      Spirit   +   r - quicksilver dragon scales
rPois   .          Reflect  .   (no helmet)
rElec   .          Harm     .   s - +1 cloak
rCorr   .          Rampage  .   (no gloves)
Will    ++++.                   (no boots)
Stlth   +.........              (no amulet)
HPRegen 1.94/turn               o - +4 ring of evasion
MPRegen 0.11/turn               x - +4 ring of evasion

@: strong-willed, regenerating, studying Long Blades
A: fangs 3, regeneration 1, magic shield, antimagic bite, no potion heal 2
a: Renounce Religion, Berserk, Trog's Hand


You were on level 5 of the Dungeon.
You worshipped Trog.
Trog was pleased with you.
You visited 1 branch of the dungeon, and saw 5 of its levels.

You collected 394 gold pieces.

Inventory:

Hand Weapons
 a - a +3 dagger (weapon)
 n - a +0 dagger
Missiles
 e - 63 stones (quivered)
 m - a throwing net
 p - 2 boomerangs
Armour
 r - quicksilver dragon scales (worn)
 s - a +1 cloak (worn)
 w - a +2 scale mail of fire resistance
Jewellery
 o - a +4 ring of evasion (left hand)
 x - a +4 ring of evasion (right hand)
Scrolls
 g - a scroll of teleportation
 h - 2 scrolls of summoning
 k - 2 scrolls of magic mapping
 t - a scroll of butterflies
 u - a scroll of immolation
Potions
 b - 2 potions of haste
 c - 2 potions of flight
 d - a potion of invisibility {unknown}
 f - a potion of resistance {unknown}
 i - 3 potions of curing
 j - a potion of lignification {unknown}
 z - 2 potions of might
 A - 2 potions of cancellation


   Skills:
 + Level 5.2 Fighting
 * Level 7.0(8.1) Short Blades
 * Level 6.1(7.7) Long Blades
 + Level 4.3 Armour
 - Level 1.5 Dodging


You had 7 spell levels left.
You didn't know any spells.
Your spell library was empty.

Dungeon Overview and Level Annotations

Branches:
Dungeon (5/15)
 Temple: D:4-7

Altars:
Cheibriados
Yredelemnul
The Shining One


Innate Abilities, Weirdness & Mutations

You have razor-sharp teeth.
Your natural rate of healing is unusually fast.
When hurt, damage is shared between your health and your magic reserves.
Your bite disrupts and absorbs the magic of your enemies.
Potions cannot restore your health.


Message History

Your butterfly disappears in a burst of colours!
The fiery explosion engulfs your butterfly!
Your butterfly disappears in a burst of colours!
The fiery explosion engulfs you but does no damage.
Your butterfly explodes! x2
The fiery explosion engulfs you!!
* * * LOW HITPOINT WARNING * * *
Your butterfly explodes! x2
Your butterfly is engulfed in poison gas.
Your butterfly is poisoned.
Your butterfly disappears in a burst of colours!
Your butterfly explodes!
Your butterfly is engulfed in poison gas.
Your butterfly is poisoned.
Your butterfly disappears in a burst of colours!
Your butterfly explodes!
The fiery explosion engulfs your butterfly!!
Your butterfly disappears in a burst of colours!
The fiery explosion engulfs your butterfly!!
Your butterfly disappears in a burst of colours!
Your butterfly explodes! x2
Your butterfly is poisoned.
Your butterfly is engulfed in poison gas.
Your butterfly is poisoned.
Your butterfly disappears in a burst of colours!
Your butterfly explodes!
Your butterfly is poisoned.
Your butterfly looks even sicker.
Your butterfly is engulfed in poison gas.
Your butterfly looks even sicker.
Your butterfly disappears in a burst of colours!
Your butterfly explodes!
Unknown command.
Unknown command.
Okay, then.
Unknown command.
Your skin crawls.
You feel strong-willed.
You are engulfed in blazing flames.
Ouch! That really hurt!
You die...

#...........#
#§#########.######### #§#
#.#.....##. ###§#### #.##.##.##.
######### #§§§§§§# #.##.#...#.
........###§§§§§§######....#.....
.........§§§§§§§§#.§§§#....#.....
..........#§§§§§§#§§§§#§...#.....
#####.....#§§§§§@§§§§§§§...#...#.
#..<.§§§§§§§#§§§§§§§....#.##.
#.#..§##§§§§#§###########.##.
#....§§§§§§§#b####...........
#####..####§§§§§.§§.##'##....#...
#...#..#..#§§§§§.§§..........#...
#...#..#..#§§§§§.§§§........##..)
#........?§§#§#§.§§§........##.))
#......##....>..#.##........###..


There were no monsters in sight!

Vanquished Creatures
  Edmund (D:4)
  An ice beast (D:5)
  2 ogres (D:5)
  2 centaurs (D:4)
  2 phantoms
  3 scorpions
  2 bullfrog zombies (D:5)
  Crazy Yiuf (D:2)
  A jelly (D:4)
  An orc priest (D:3)
  A gnoll bouda (D:4)
  3 hounds (D:5)
  Terence (D:2)
  2 iguanas (D:5)
  A scorpion zombie (D:5)
  2 orc wizards (D:3)
  A hound zombie (D:5)
  A mummy (D:5)
  13 gnolls
  6 adders
  An ufetubus (D:4)
  An adder zombie (D:5)
  4 worms
  3 dart slugs
  15 orcs
  9 endoplasms
  4 giant cockroaches
  15 goblins
  10 hobgoblins
  2 quokkas
  6 ball pythons
  7 bats
  3 frilled lizards
  2 hobgoblin zombies (D:5)
  5 kobolds
  A kobold zombie (D:5)
  An orc zombie (D:5)
  6 rats
142 creatures vanquished.

Notes
Turn   | Place    | Note
-------+----------+-------------------------------------------
     0 | D:1      | jejorda2 the Vine Stalker Berserker began the quest for the
                  | Orb.
     0 | D:1      | Reached XP level 1. HP: 11/11 MP: 2/2
   333 | D:1      | Reached skill level 3 in Short Blades
   333 | D:1      | Reached XP level 2. HP: 16/16 MP: 3/3
  1133 | D:1      | Reached XP level 3. HP: 6/19 MP: 1/4
  2362 | D:2      | Found a glowing golden altar of the Shining One.
  2363 | D:2      | Noticed Terence
  2380 | D:2      | Killed Terence
  2381 | D:2      | Gained mutation: Your natural rate of healing is unusually
                  | fast. [Vine Stalker growth]
  2381 | D:2      | Reached XP level 4. HP: 21/24 MP: 3/5
  2511 | D:2      | Reached skill level 4 in Short Blades
  2515 | D:2      | Reached XP level 5. HP: 28/28 MP: 4/6
  2992 | D:2      | Found a runed translucent door.
  2993 | D:2      | Noticed Crazy Yiuf
  3003 | D:2      | Killed Crazy Yiuf
  3141 | D:3      | Reached ** piety under Trog
  3193 | D:3      | Found a snail-covered altar of Cheibriados.
  3285 | D:3      | Reached XP level 6. HP: 33/33 MP: 7/7
  3700 | D:4      | Reached skill level 5 in Short Blades
  3710 | D:4      | Reached XP level 7. HP: 37/37 MP: 8/8
  3846 | D:4      | Reached skill level 1 in Long Blades
  3971 | D:4      | Noticed Edmund
  3987 | D:4      | Killed Edmund
  4616 | D:4      | Identified the +2 robe of Nauff {rElec rN+ Int+4}
  4862 | D:4      | Reached skill level 6 in Short Blades
  4862 | D:4      | Gained mutation: You have razor-sharp teeth. [Vine Stalker
                  | growth]
  4862 | D:4      | Reached XP level 8. HP: 40/42 MP: 7/9
  4918 | D:5      | Entered Level 5 of the Dungeon
  5300 | D:5      | Reached skill level 5 in Long Blades
  5527 | D:5      | Reached skill level 5 in Fighting
  5571 | D:5      | Found a basalt altar of Yredelemnul.
  5956 | D:5      | Reached skill level 7 in Short Blades
  6003 | D:5      | Engulfed by a cloud of flame

Illustrated notes

Levels and vault maps discovered:
D:1:      shiori_shiawase, layout_basic, minmay_small_reverse_x
D:2:      layout_basic, basic_altar, serial_corexii_hall,
          chequers_hall_statues_wall_a, corexii_hall_statues_t,
          uniq_crazy_yiuf_cottage, uniq_terence
D:3:      cheibrodos_greedy_goblins, layout_rooms, lemuel_coloured_pillars_altar
D:4:      layout_basic, minmay_manual_mares, uniq_edmund
D:5:      layout_basic, nicolae_yredelemnul_corpse_copse,
          hangedman_decor_riveting, grunt_ministairs_15, minmay_mini_ossuary

Skill      XL: |  1  2  3  4  5  6  7  8 |
---------------+-------------------------+-----
Short Blades   | 3 4 5 6 7 |  7.0
Fighting       | 3 4 5 |  5.2
Armour         | 2 3 4 |  4.3
Long Blades    | 3 6 |  6.1
Dodging        | |  1.5

Action                   |  1- 3 |  4- 6 |  7- 9 || total
-------------------------+-------+-------+-------++-------
Melee: Short sword       |    17 |       |       ||    17
       Bite              |    31 |    62 |   130 ||   223
       Dagger            |    99 |   185 |   344 ||   628
       Punch             |     2 |     1 |    10 ||    13
Throw: Stone             |     1 |       |     4 ||     5
Invok: Berserk           |     2 |     3 |     5 ||    10
       Trog's Hand       |       |     1 |     1 ||     2
  Use: Scroll            |       |       |    16 ||    16
 Stab: Sleeping          |     2 |       |       ||     2
Armor: Animal skin       |    16 |       |       ||    16
       Chain mail        |       |     6 |       ||     6
       Quicksilver drago |       |    49 |    53 ||   102
Dodge: Dodged            |    57 |   131 |   181 ||   369
